Map: Kimeran Refuge

Players

SiCkPopulous

  • Race: Protoss Protoss
  • Spawn Location: 6:00

lyoon

  • Race: Terran Terran
  • Spawn Location: 7:00

Cyberswine

  • Race: Protoss Protoss
  • Spawn Location: 5:00

dubzian

  • Race: Zerg Zerg
  • Spawn Location: 6:00

SuperPanda - Winner!

  • Race: Terran Terran
  • Spawn Location: 11:00

IuhKing - Winner!

  • Race: Protoss Protoss
  • League: Bronze
  • Spawn Location: 1:00

shadowfox - Winner!

  • Race: Protoss Protoss
  • Spawn Location: 12:00

Grumm - Winner!

  • Race: Terran Terran
  • League: Gold
  • Spawn Location: 12:00

VOD

Have the link to the VOD?

Description

Time

  • Played on: Feb. 6, 2016, 12:09 a.m.
  • Length: 14:18
Show
View Real Time Build Order
Export as new Build Order

SiCkPopulous Protoss 

Build Orders: Forge Fast Expand (FFE) 

Get SALT Encoding   

  12  0:04  Probe (Chrono Boost)  
  13  0:19  Pylon  
  13  0:21  Probe (Chrono Boost)  
  14  0:31  Probe (Chrono Boost)  
  15  0:42  Probe (Chrono Boost)  
  16  0:52  Probe (Chrono Boost)  
  16  0:57  Forge  
  17  1:03  Probe (Chrono Boost)  
  18  1:21  Probe (Chrono Boost)  
  19  1:33  Probe (Chrono Boost), Nexus  
  20  1:45  Probe (Chrono Boost)  
  21  1:49  Assimilator  
  21  1:50  Assimilator, Pylon  
  21  1:55  Probe (Chrono Boost)  
  22  2:12  Photon Cannon  
  22  2:27  Photon Cannon  
  22  2:28  Probe (Chrono Boost)  
  22  2:29  Pylon  
  23  2:42  Pylon  
  22  3:11  Probe (Chrono Boost)  
  22  3:12  Probe (Chrono Boost)  
  24  3:15  Photon Cannon  
  24  3:22  Protoss Shields Level 1  
  24  3:33  Gateway  
  24  3:34  Gateway  
  24  3:35  Gateway  
  24  3:36  Gateway  
  24  3:38  Probe (Chrono Boost)  
  24  3:40  Probe (Chrono Boost)  
  26  3:58  Probe x2 (Chrono Boost)  
  28  4:08  Pylon  
  28  4:09  Probe x2 (Chrono Boost)  
  30  4:11  Assimilator  
  30  4:14  Assimilator  
  30  4:30  Cybernetics Core  
  30  4:33  Probe (Chrono Boost)  
  30  4:34  Probe (Chrono Boost)  
  32  4:50  Probe x2 (Chrono Boost)  
  34  5:00  Probe x2 (Chrono Boost), Zealot x2  
  34  5:01  Zealot  
  42  5:09  Warp Gate  
  42  5:25  Pylon x2  
  42  5:26  Pylon  
  42  5:28  Pylon, Probe x2 (Chrono Boost)  
  44  5:31  Protoss Ground Armor Level 1  
  44  5:38  Probe (Chrono Boost)  
  44  5:41  Forge  
  45  5:59  Probe (Chrono Boost)  
  45  6:00  Probe (Chrono Boost), Photon Cannon  
  45  6:04  Zealot  
  49  6:07  Photon Cannon  
  49  6:10  Mothership Core (Chrono Boost)  
  51  6:12  Probe (Chrono Boost)  
  52  6:22  Probe (Chrono Boost)  
  53  6:25  Stargate  
  53  6:26  Stargate  
  53  6:27  Stargate  
  53  6:34  Stargate  
  53  6:41  Pylon  
  53  6:44  Pylon, Probe x2 (Chrono Boost)  
  55  7:27  Phoenix x4  
  63  7:46  Probe x2 (Chrono Boost)  
  63  7:49  Protoss Ground Weapons Level 1  
  65  7:51  Void Ray  
  65  7:52  Void Ray x3, Protoss Air Weapons Level 1  
  65  7:56  Probe x2 (Chrono Boost)  
  83  8:01  Cybernetics Core  
  83  8:12  Zealot  
  83  8:13  Zealot x2  
  83  8:14  Zealot  
  83  8:18  Pylon  
  91  9:19  Void Ray x3  
  91  9:20  Void Ray  
  91  9:21  Photon Cannon  
  91  9:23  Pylon  
  107  9:25  Pylon, Zealot x4  
  107  9:27  Nexus  
  115  9:36  Probe (Chrono Boost)  
  115  9:37  Probe (Chrono Boost)  
  117  9:38  Protoss Air Armor Level 1  
  117  9:45  Fleet Beacon  
  117  9:49  Stargate  
  117  10:01  Pylon  
  117  10:02  Pylon  
  117  10:10  Pylon  
  117  10:12  Pylon  
  117  10:13  Phoenix x2  
  121  10:15  Phoenix  
  123  10:24  Photon Cannon  
  123  10:26  Photon Cannon  
  123  10:31  Photon Cannon  
  123  10:52  Probe (Chrono Boost)  
  123  10:53  Probe (Chrono Boost)  
  123  10:55  Assimilator  
  123  10:56  Assimilator  
  125  11:00  Photon Cannon  
  125  11:01  Protoss Air Weapons Level 2  
  125  11:03  Probe (Chrono Boost)  
  126  11:09  Anion Pulse-Crystals  
  126  11:13  Phoenix x2  
  126  11:16  Phoenix  
  54  12:05  Phoenix x4  
  54  12:06  Phoenix  
  64  12:19  Zealot  
  64  12:20  Zealot x3  
  68  12:37  Void Ray x2  
  68  12:38  Void Ray x3  
  86  13:31  Void Ray x2  
  86  13:32  Void Ray x3  
Show
View Real Time Build Order
Export as new Build Order

lyoon Terran 

Build Orders: MMM Bio 

Get SALT Encoding   

  12  0:03  SCV  
  13  0:15  SCV  
  14  0:27  SCV  
  15  0:32  Supply Depot  
  15  0:54  SCV, Barracks  
  16  0:59  Barracks  
  16  1:06  SCV  
  16  1:10  Barracks  
  17  1:26  SCV  
  18  1:40  Supply Depot x2  
  18  1:43  Supply Depot  
  18  1:48  Orbital Command  
  18  1:53  Marine  
  19  1:57  Marine  
  19  2:00  Marine  
  21  2:13  Refinery  
  21  2:15  Refinery  
  21  2:16  Marine  
  21  2:18  Marine  
  21  2:21  Marine  
  24  2:36  Engineering Bay  
  24  2:38  SCV  
  24  2:39  Marine x3  
  28  2:51  SCV  
  29  3:03  SCV  
  30  3:07  Missile Turret  
  30  3:11  Missile Turret  
  30  3:13  Marine x3  
  33  3:21  Factory  
  33  3:25  SCV  
  34  3:56  Marine  
  34  3:57  Marine x2  
  36  4:28  Marine x2  
  36  4:29  Marine  
  37  4:46  Marine x3  
  42  5:08  Barracks Reactor  
  42  5:09  Barracks Reactor  
  42  5:11  Barracks Tech Lab  
  39  5:18  Barracks Reactor  
  33  5:42  Marine  
  31  5:45  Factory Reactor  
  31  5:51  Barracks x2  
  31  5:55  Supply Depot x2  
  31  5:59  Supply Depot  
  31  6:00  Supply Depot, Marine  
  32  6:12  Stimpack  
  32  6:15  Command Center  
  32  6:17  Marine  
  33  6:29  Sensor Tower  
  33  6:42  Barracks Reactor x2  
  33  6:53  Starport  
  33  6:59  Marine x2  
  33  7:00  Marine x3  
  38  7:04  SCV  
  39  7:15  Terran Infantry Weapons Level 1  
  39  7:16  SCV  
  39  7:17  Marine  
  39  7:19  Engineering Bay  
  41  7:26  Armory  
  41  7:28  SCV  
  41  7:29  Orbital Command  
  42  7:40  SCV  
  43  7:48  Terran Infantry Armor Level 1  
  43  7:50  Medivac x2  
  47  7:54  SCV  
  47  7:55  SCV  
  49  8:12  Combat Shields  
  30  8:39  Orbital Command  
  30  8:41  Marine x5  
  25  8:42  Marine x4  
  32  8:59  Marine x6  
  32  9:00  Marine x3  
  41  9:05  SCV x2  
  43  9:16  Marine  
  43  9:17  Marine x4, SCV  
  44  9:23  SCV  
  50  9:25  Marine x2  
  50  9:26  Missile Turret  
  50  9:29  Missile Turret  
  52  9:40  Marine x5  
  57  9:47  Terran Infantry Weapons Level 2  
  47  10:04  Marine x5  
  47  10:05  Marine x2  
  47  10:06  SCV x2  
  56  10:18  SCV  
  56  10:19  SCV  
  58  10:28  Marine x3  
  58  10:29  Marine x5  
  58  10:31  Marine  
  67  10:35  Medivac  
  67  10:38  Medivac  
  71  10:57  Marine x2  
  71  10:58  Marine x2  
  71  10:59  Marine  
  71  11:00  Marine  
  71  11:02  Marine  
  78  11:05  Medivac  
  78  11:06  Marine x2  
  78  11:08  Medivac  
  84  11:15  Marine x2  
  76  11:33  Marine x3  
  76  11:34  Marine x4  
  76  11:35  Medivac, Marine x2  
  76  11:38  Medivac  
  89  11:51  Marine x3  
  89  11:52  Marine x2  
  94  11:59  Marine  
  94  12:00  Marine  
  61  12:15  Marine x5  
  49  12:16  Marine x2  
  49  12:17  Marine  
  49  12:18  Marine  
  56  12:33  Marine x6  
Show
View Real Time Build Order
Export as new Build Order

Cyberswine Protoss 

Build Orders:  

Get SALT Encoding   

  12  0:13  Probe (Chrono Boost)  
  13  0:24  Probe (Chrono Boost)  
  13  0:25  Pylon  
  14  0:39  Probe (Chrono Boost)  
  15  0:42  Assimilator  
  15  0:44  Assimilator  
  15  0:58  Gateway  
  15  1:16  Probe (Chrono Boost)  
  16  1:25  Pylon  
  16  1:26  Probe (Chrono Boost)  
  17  1:37  Probe (Chrono Boost)  
  18  1:47  Probe (Chrono Boost)  
  19  2:04  Probe (Chrono Boost)  
  19  2:05  Cybernetics Core  
  19  2:13  Pylon  
  19  2:15  Probe (Chrono Boost)  
  20  2:26  Probe (Chrono Boost)  
  21  2:36  Probe (Chrono Boost)  
  22  2:47  Probe (Chrono Boost)  
  22  2:49  Twilight Council  
  23  2:54  Robotics Facility  
  23  2:57  Probe (Chrono Boost)  
  24  3:00  Pylon  
  24  3:33  Nexus  
  24  3:37  Pylon  
  24  3:41  Pylon  
  13  4:13  Probe (Chrono Boost)  
  13  4:24  Probe (Chrono Boost)  
  14  4:34  Probe (Chrono Boost)  
  15  4:45  Probe (Chrono Boost)  
  17  4:53  Probe (Chrono Boost)  
  17  4:55  Probe (Chrono Boost)  
  18  5:02  Forge  
  18  5:03  Probe (Chrono Boost)  
  18  5:06  Probe (Chrono Boost)  
  20  5:07  Assimilator  
  20  5:14  Probe (Chrono Boost)  
  21  5:16  Probe (Chrono Boost)  
  21  5:17  Warp Gate  
  22  5:24  Probe (Chrono Boost)  
  22  5:26  Stargate  
  22  5:27  Stargate, Probe (Chrono Boost)  
  24  5:35  Probe (Chrono Boost)  
  25  5:37  Probe (Chrono Boost)  
  26  5:45  Probe (Chrono Boost)  
  26  5:48  Probe (Chrono Boost)  
  28  5:56  Probe (Chrono Boost)  
  29  5:58  Probe (Chrono Boost)  
  30  6:09  Probe (Chrono Boost)  
  30  6:10  Void Ray  
  35  6:19  Probe (Chrono Boost)  
  36  6:30  Probe (Chrono Boost)  
  37  6:44  Assimilator  
  37  7:04  Void Ray x2  
  37  7:08  Probe (Chrono Boost)  
  46  7:11  Protoss Air Weapons Level 1 (Chrono Boost)  
  46  7:14  Probe (Chrono Boost)  
  47  7:18  Probe (Chrono Boost)  
  48  7:25  Probe (Chrono Boost)  
  48  7:29  Probe (Chrono Boost)  
  50  7:35  Probe (Chrono Boost)  
  51  7:39  Probe (Chrono Boost)  
  52  7:46  Probe (Chrono Boost)  
  52  7:50  Pylon, Probe (Chrono Boost)  
  58  7:52  Void Ray (Chrono Boost)  
  58  7:55  Probe (Chrono Boost)  
  58  7:57  Void Ray (Chrono Boost)  
  50  8:33  Void Ray (Chrono Boost)  
  54  8:34  Oracle (Chrono Boost)  
  57  8:43  Probe  
  58  8:54  Probe  
  59  9:04  Probe, Protoss Air Armor Level 1 (Chrono Boost)  
  59  9:09  Oracle  
  63  9:11  Fleet Beacon  
  63  9:14  Stargate  
  63  9:15  Void Ray  
  67  9:18  Probe  
  68  9:30  Probe  
  69  9:43  Probe  
  73  9:48  Probe  
  74  9:55  Probe  
  75  10:07  Probe  
  76  10:19  Void Ray, Probe  
  78  11:22  Nexus  
  78  11:50  Cybernetics Core  
Show
View Real Time Build Order
Export as new Build Order

dubzian Zerg 

Build Orders: Hatch First, Muta Ling Bane 

Get SALT Encoding   

  12  0:10  Overlord  
  12  0:16  Drone  
  12  0:20  Drone  
  14  0:29  Drone  
  15  0:48  Hatchery  
  14  0:51  Drone  
  14  0:55  Drone  
  16  1:08  Drone x2  
  18  1:17  Spawning Pool  
  17  1:21  Extractor  
  17  1:24  Drone  
  17  1:30  Drone  
  18  1:37  Drone  
  19  1:48  Overlord  
  19  1:58  Drone  
  20  2:03  Queen  
  20  2:04  Queen  
  20  2:06  Zergling x2  
  25  2:11  Zergling x2  
  25  2:15  Zergling x2  
  27  2:22  Metabolic Boost  
  27  2:26  Zergling x2  
  27  2:28  Drone  
  29  2:32  Drone  
  29  2:36  Zergling x2  
  31  2:45  Drone  
  31  2:47  Zergling x2  
  33  2:56  Overlord  
  33  3:09  Drone, Spine Crawler  
  33  3:11  Zergling x4  
  33  3:12  Lair  
  35  3:15  Zergling x2  
  35  3:16  Zergling x4  
  38  3:25  Zergling x4  
  39  3:29  Drone, Baneling Nest  
  39  3:34  Zergling x2  
  38  3:46  Zergling x10  
  39  3:51  Zergling x4  
  37  4:08  Zergling x4  
  37  4:09  Zergling x4  
  39  4:17  Drone x2  
  41  4:31  Overlord x2  
  41  4:35  Centrifical Hooks  
  41  4:41  Overlord x2  
  41  4:47  Drone x2  
  41  4:51  Drone x2, Extractor  
  44  4:54  Drone  
  44  4:56  Drone x3  
  48  5:00  Drone  
  49  5:10  Drone x2  
  51  5:17  Drone  
  52  5:22  Drone x2  
  52  5:23  Hatchery  
  53  5:45  Evolution Chamber  
  53  5:46  Evolution Chamber  
  51  5:50  Spire  
  51  5:52  Extractor x2  
  51  5:55  Drone x3  
  51  5:56  Drone  
  52  5:57  Drone x4  
  50  6:20  Drone x3  
  50  6:21  Drone x3  
  56  6:26  Extractor x2  
  54  6:36  Drone x6  
  60  6:45  Baneling x5  
  60  6:46  Baneling x5  
  60  6:47  Baneling x2  
  60  7:03  Mutalisk x3  
  60  7:05  Zergling x2  
  60  7:06  Zergling x14  
  74  7:12  Queen  
  76  7:16  Overlord  
  76  7:17  Overlord  
  76  7:19  Burrow  
  76  7:23  Pneumatized Carapace  
  76  7:27  Infestation Pit, Zerg Flyer Weapons Level 1  
  69  7:38  Mutalisk x2  
  69  7:39  Zergling x4  
  69  7:40  Zergling x10  
  75  7:46  Drone x2  
  77  7:55  Mutalisk x2  
  77  7:58  Overlord  
  81  8:01  Overlord  
  75  8:07  Overlord  
  75  8:08  Overseer  
  75  8:18  Spine Crawler, Mutalisk x3  
  75  8:19  Zergling x4  
  82  8:22  Spine Crawler  
  71  8:48  Mutalisk x4  
  71  8:49  Zergling x10, Mutalisk x2  
  88  8:59  Zerg Melee Weapons Level 1  
  88  9:03  Zerg Ground Armor Level 1  
  88  9:04  Drone x3  
  88  9:05  Drone x2  
  93  9:10  Overlord, Overseer  
  93  9:21  Zerg Flyer Armor Level 1  
  93  9:24  Mutalisk  
  93  9:25  Zergling x6  
  93  9:29  Mutalisk  
  93  9:30  Zergling x12  
  106  9:37  Hive  
  106  9:39  Drone  
  100  10:02  Mutalisk x4  
  100  10:03  Zergling x8  
  110  10:18  Overlord  
  110  10:19  Overlord x3  
  110  10:20  Overseer  
  110  10:22  Overlord  
  110  10:23  Overseer  
  110  10:37  Overlord x3  
  110  10:57  Zerg Melee Weapons Level 2  
  110  10:58  Zerg Ground Armor Level 2  
  110  11:00  Adrenal Glands  
  110  11:03  Ultralisk Cavern  
  109  11:06  Drone x3  
  112  11:15  Zerg Flyer Weapons Level 2  
  112  11:26  Mutalisk x2  
  112  11:27  Drone, Zergling x10, Mutalisk  
  112  11:28  Zergling x10  
  112  11:29  Zergling x2  
  81  11:49  Zergling x2, Mutalisk x4  
  81  11:50  Zergling x8  
  94  11:59  Baneling  
  94  12:00  Baneling x6  
  94  12:06  Mutalisk  
  94  12:07  Zergling x4  
  98  12:16  Hatchery, Extractor x2  
  95  12:25  Zergling x2, Mutalisk x3  
  95  12:26  Zergling x12  
  95  12:27  Zergling x6  
  71  13:06  Overseer x3  
  73  13:15  Ultralisk x3  
  82  13:30  Queen  
  84  13:44  Zergling x6  
  84  13:46  Drone x3  
  84  13:47  Drone x3  
Show
View Real Time Build Order
Export as new Build Order

SuperPanda Terran - Winner!

Build Orders: Reaper Expand, Bio Tank 

Get SALT Encoding   

  12  0:01  SCV  
  13  0:13  SCV  
  14  0:18  Supply Depot  
  14  0:25  SCV  
  15  0:40  SCV  
  15  0:41  Barracks  
  16  0:46  Refinery  
  16  0:52  SCV  
  17  1:04  SCV  
  18  1:16  SCV  
  19  1:31  Orbital Command  
  19  1:32  Reaper  
  20  1:41  Command Center  
  20  1:51  Supply Depot  
  20  2:01  SCV  
  21  2:11  Barracks Reactor  
  21  2:13  SCV  
  21  2:15  Barracks  
  22  2:32  SCV  
  22  2:34  Factory  
  23  3:01  Marine  
  23  3:02  Marine  
  25  3:10  Orbital Command  
  25  3:11  Bunker, Barracks Tech Lab  
  25  3:21  SCV  
  25  3:22  Refinery  
  25  3:23  Widow Mine  
  25  3:26  Marine x2  
  30  3:33  SCV  
  30  3:34  Starport  
  31  3:46  SCV  
  31  3:47  SCV  
  33  3:50  Marine x2  
  33  3:51  Widow Mine  
  37  4:01  Stimpack  
  37  4:08  Marine x2  
  39  4:17  Marine  
  39  4:20  Medivac  
  39  4:23  SCV x2  
  44  4:26  Marine  
  45  4:35  SCV  
  46  4:39  Supply Depot  
  46  4:40  Supply Depot  
  46  4:41  Supply Depot, Engineering Bay  
  46  4:48  Refinery  
  46  5:00  Marine x3  
  46  5:01  SCV  
  46  5:02  Starport Reactor  
  46  5:03  Barracks, Factory Tech Lab  
  50  5:08  Engineering Bay  
  50  5:09  Terran Infantry Weapons Level 1  
  50  5:21  SCV x2  
  50  5:24  Refinery  
  50  5:25  Marine x2  
  50  5:26  Marine, Siege Tank  
  56  5:44  SCV x2  
  56  5:46  Terran Infantry Armor Level 1  
  58  5:56  SCV x2  
  60  6:01  Combat Shields  
  60  6:11  Marine x2  
  60  6:12  Marine  
  60  6:14  Barracks Reactor  
  60  6:15  Siege Tank  
  60  6:17  Medivac  
  60  6:18  SCV x2  
  70  6:34  Barracks  
  70  6:35  Barracks  
  70  6:37  Barracks  
  70  6:38  Supply Depot  
  70  6:41  Supply Depot  
  70  6:42  Supply Depot  
  70  6:43  Supply Depot  
  70  7:00  Marine, SCV x2  
  70  7:01  Marine x4  
  76  7:02  Medivac x2  
  76  7:03  Siege Tank  
  84  7:12  SCV x2  
  84  7:14  Factory  
  86  7:24  SCV x2  
  88  7:30  Marine x3  
  88  7:31  Marine x4  
  77  7:44  Marine  
  77  7:47  Medivac x2, Siege Tank  
  77  7:48  Marine x4  
  90  8:00  Barracks Reactor x2  
  89  8:06  Barracks Reactor  
  89  8:19  Siege Tank  
  92  8:23  SCV x2  
  94  8:31  Factory Tech Lab  
  92  8:34  Command Center  
  92  8:36  Marine x2  
  92  8:37  Marine x6  
  100  8:42  Armory  
  100  8:55  Medivac  
  100  9:02  Supply Depot  
  102  9:05  Supply Depot x2  
  102  9:07  Supply Depot  
  102  9:09  Supply Depot  
  102  9:24  SCV x2, Siege Tank  
  107  9:27  Supply Depot  
  107  9:31  Marine  
  107  9:32  Marine x6  
  107  9:36  SCV  
  115  9:39  Terran Infantry Weapons Level 2, Terran Infantry Armor Level 2  
  115  9:41  Terran Vehicle Weapons Level 1  
  115  9:44  Armory  
  115  10:04  Orbital Command  
  115  10:14  Missile Turret  
  115  10:15  SCV x2  
  117  10:26  Marine x7  
  124  10:34  Marine x3  
  124  10:35  Missile Turret, Siege Tank x2  
  133  10:44  Marine  
  133  10:45  Marine x3  
  137  10:54  Missile Turret, SCV x2  
  139  11:07  Siege Tank  
  142  11:17  Missile Turret  
  138  11:33  Marine x3  
  138  11:34  Marine x2  
  123  11:40  Marine x5  
  123  11:41  Siege Tank x2  
  123  11:42  Terran Vehicle Weapons Level 2  
  105  11:50  SCV x2  
  100  11:55  Refinery  
  100  11:56  Refinery  
  89  12:14  Marine x5  
  89  12:15  Marine x2, Siege Tank  
  95  12:16  Medivac x2, Siege Tank  
  95  12:32  Marine  
  95  12:33  Marine x2  
  97  12:56  Marine x2  
  97  12:57  Marine x5  
  97  12:58  Widow Mine  
  106  13:11  Marine x4  
  106  13:19  Command Center  
  102  13:25  Marine  
  102  13:26  Marine x2  
  102  13:34  Barracks x2  
  102  13:36  Barracks  
  102  13:56  Armory  
Show
View Real Time Build Order
Export as new Build Order

IuhKing Protoss - Winner!

Build Orders:  

Get SALT Encoding   

  12  0:06  Probe (Chrono Boost)  
  13  0:27  Pylon  
  13  0:30  Probe (Chrono Boost)  
  14  0:40  Probe (Chrono Boost)  
  15  0:43  Pylon  
  15  0:51  Probe (Chrono Boost)  
  16  1:04  Gateway  
  16  1:16  Forge  
  16  1:32  Assimilator  
  16  1:37  Assimilator  
  16  1:42  Probe (Chrono Boost)  
  17  1:53  Probe (Chrono Boost)  
  18  2:00  Pylon  
  18  2:03  Probe (Chrono Boost)  
  19  2:14  Probe (Chrono Boost)  
  19  2:15  Photon Cannon  
  20  2:20  Photon Cannon  
  20  2:24  Probe (Chrono Boost)  
  21  2:42  Photon Cannon  
  21  3:10  Cybernetics Core  
  21  3:19  Photon Cannon  
  21  3:21  Photon Cannon  
  21  3:26  Photon Cannon  
  21  3:36  Pylon  
  21  3:37  Pylon  
  21  3:41  Pylon  
  21  4:03  Stargate  
  21  4:06  Stargate  
  21  4:11  Stargate  
  21  4:33  Probe (Chrono Boost)  
  22  4:44  Probe (Chrono Boost)  
  23  4:55  Mothership Core (Chrono Boost)  
  25  5:31  Nexus  
  25  5:34  Void Ray (Chrono Boost)  
  33  5:35  Void Ray (Chrono Boost)  
  32  5:51  Photon Cannon  
  32  5:54  Photon Cannon  
  36  6:04  Void Ray (Chrono Boost)  
  36  7:16  Nexus  
  36  7:20  Void Ray (Chrono Boost)  
  48  7:25  Void Ray (Chrono Boost)  
  48  7:26  Void Ray (Chrono Boost)  
  48  7:45  Assimilator  
  48  7:50  Assimilator  
  34  8:54  Void Ray (Chrono Boost)  
  46  8:56  Probe  
  46  9:00  Void Ray x2 (Chrono Boost)  
  47  9:07  Probe  
  48  9:17  Probe  
  48  9:19  Probe  
  50  9:28  Probe  
  52  9:31  Probe  
  52  9:38  Probe  
  52  9:43  Mothership Core  
  55  9:49  Probe  
  55  9:51  Fleet Beacon  
  56  9:53  Twilight Council  
  33  10:34  Void Ray (Chrono Boost)  
  41  10:52  Void Ray (Chrono Boost)  
  41  12:08  Probe  
  42  12:18  Nexus  
  42  12:20  Probe  
  43  12:32  Probe  
  44  12:44  Probe  
  23  13:01  Tempest (Chrono Boost)  
Show
View Real Time Build Order
Export as new Build Order

shadowfox Protoss - Winner!

Build Orders:  

Get SALT Encoding   

  12  0:04  Probe (Chrono Boost)  
  13  0:21  Pylon  
  13  0:25  Probe (Chrono Boost)  
  14  0:35  Probe (Chrono Boost)  
  15  1:01  Forge  
  15  1:23  Gateway  
  15  1:32  Assimilator  
  15  1:35  Pylon  
  15  1:37  Probe (Chrono Boost)  
  16  1:47  Probe (Chrono Boost)  
  17  1:58  Probe (Chrono Boost)  
  18  2:05  Pylon  
  19  2:08  Probe (Chrono Boost)  
  19  2:19  Probe (Chrono Boost)  
  20  2:25  Photon Cannon  
  20  2:28  Photon Cannon  
  20  2:41  Cybernetics Core  
  20  2:43  Probe (Chrono Boost)  
  21  2:49  Pylon  
  21  2:53  Probe (Chrono Boost)  
  22  3:08  Photon Cannon  
  22  3:10  Photon Cannon  
  22  3:14  Pylon  
  22  3:28  Photon Cannon  
  22  3:33  Photon Cannon  
  22  3:36  Pylon  
  22  3:44  Photon Cannon  
  22  3:58  Photon Cannon  
  22  4:01  Photon Cannon  
  21  4:23  Warp Gate (Chrono Boost)  
  21  4:28  Assimilator  
  21  4:51  Twilight Council  
  21  4:55  Pylon x2  
  21  4:56  Pylon  
  21  5:10  Probe  
  21  5:14  Pylon  
  21  5:19  Pylon  
  22  5:29  Dark Shrine  
  22  5:33  Mothership Core  
  23  5:39  Gateway  
  23  5:40  Gateway  
  23  5:42  Gateway  
  22  5:49  Photon Cannon  
  22  5:54  Probe  
  22  5:55  Photon Cannon  
  23  6:06  Probe (Chrono Boost)  
  24  6:17  Probe (Chrono Boost)  
  25  6:20  Gateway  
  25  7:15  Nexus  
  25  7:17  Pylon  
  25  7:22  Pylon  
  25  7:26  Assimilator  
  25  7:30  Assimilator  
  25  7:33  Pylon  
  25  7:43  Dark Templar x4  
  25  7:44  Dark Templar  
  27  8:59  Probe (Chrono Boost)  
  26  9:08  Photon Cannon  
  26  9:09  Photon Cannon  
  27  9:10  Probe (Chrono Boost)  
  27  9:12  Photon Cannon  
  27  9:13  Probe (Chrono Boost)  
  27  9:15  Photon Cannon  
  28  9:20  Probe (Chrono Boost)  
  28  9:21  Pylon  
  28  9:23  Probe (Chrono Boost)  
  30  9:31  Probe (Chrono Boost)  
  31  9:34  Probe (Chrono Boost)  
  31  9:36  Stargate  
  32  9:41  Stargate, Probe (Chrono Boost)  
  33  9:52  Probe (Chrono Boost)  
  34  10:02  Probe (Chrono Boost)  
  35  10:46  Stalker x2  
  35  10:47  Stalker x3  
  45  10:50  Phoenix  
  45  10:51  Phoenix  
  49  11:01  Stargate  
  49  11:15  Phoenix x2  
  53  11:22  Stalker x2  
  53  11:23  Stalker x2  
  47  12:12  Dark Templar x3  
  47  12:13  Dark Templar x2  
  55  12:16  Phoenix x3  
  55  13:10  Phoenix x3  
  51  13:35  Phoenix x3  
  57  13:43  Stalker x2  
  57  13:44  Stalker x2  
  57  13:45  Stalker  
Show
View Real Time Build Order
Export as new Build Order

Grumm Terran - Winner!

Build Orders:  

Get SALT Encoding   

  12  0:01  SCV  
  13  0:13  SCV  
  14  0:26  Supply Depot  
  14  0:30  Refinery, SCV  
  15  0:36  Refinery  
  15  0:47  SCV  
  16  0:54  Barracks  
  16  0:59  SCV  
  17  1:12  SCV  
  18  1:24  SCV  
  19  1:47  Command Center  
  19  1:50  SCV  
  20  2:03  Orbital Command  
  20  2:08  Reaper  
  21  2:19  Engineering Bay  
  21  2:30  SCV  
  21  2:33  Supply Depot  
  22  3:16  Factory  
  22  3:17  Refinery  
  22  3:21  SCV  
  22  3:22  Factory  
  22  3:25  Refinery  
  23  3:33  SCV  
  24  3:36  Planetary Fortress  
  24  3:39  Missile Turret  
  24  3:45  SCV  
  25  3:55  Barracks Reactor  
  25  3:57  SCV  
  25  4:02  Building Armor  
  26  4:09  SCV  
  27  4:21  SCV  
  27  4:32  SCV  
  27  4:33  SCV  
  29  4:39  Factory Tech Lab x2  
  29  4:42  Starport  
  29  4:49  SCV  
  30  5:01  SCV  
  30  5:05  Widow Mine x2  
  35  5:22  Starport  
  35  5:24  Supply Depot  
  35  5:32  Armory  
  35  5:46  Supply Depot  
  35  5:51  SCV  
  35  5:52  SCV  
  37  6:03  SCV  
  38  6:05  SCV  
  39  6:17  SCV  
  37  6:28  Supply Depot  
  37  6:29  SCV  
  37  6:32  Hi-Sec Auto Tracking  
  38  6:33  Missile Turret, Factory Reactor, Factory Tech Lab  
  38  6:34  Terran Vehicle And Ship Armor Level 1  
  38  6:41  SCV  
  38  6:42  Banshee x2  
  38  6:44  Cloaking Field  
  45  6:53  SCV  
  46  6:54  Fusion Core  
  46  6:55  SCV  
  47  7:05  SCV  
  47  7:08  SCV  
  49  7:17  SCV  
  49  7:22  Thor  
  56  7:32  Hellbat  
  56  7:33  Hellbat  
  60  7:39  Viking  
  62  7:46  Viking  
  64  7:54  Hellbat x2  
  64  7:55  Missile Turret  
  64  7:57  Missile Turret  
  68  8:03  Missile Turret  
  68  8:09  Viking  
  70  8:22  Supply Depot  
  70  8:25  Supply Depot  
  70  8:31  Supply Depot  
  70  8:37  Supply Depot  
  70  8:44  SCV, Hellbat x2  
  70  8:46  Thor  
  81  8:54  Armory  
  81  8:56  SCV  
  81  8:58  Supply Depot  
  82  9:08  SCV  
  83  9:20  SCV  
  83  9:21  Marine, Reaper  
  86  9:28  Thor  
  86  9:29  Thor  
  98  9:32  Viking  
  98  9:34  Viking  
  102  9:39  Reaper  
  102  9:44  Armory  
  103  9:51  Terran Vehicle And Ship Armor Level 2  
  103  9:53  Marine  
  104  10:02  Battlecruiser  
  110  10:30  Command Center  
  110  10:53  Viking x2, Marine  
  115  10:57  Terran Ship Weapons Level 1  
  115  11:06  Viking  
  117  11:12  Refinery  
  117  11:16  Refinery  
  117  11:27  Viking x2  
  117  11:28  Thor x2  
  104  12:16  Thor x2  
  104  12:19  Battlecruiser  
  124  13:06  Hellbat  
  124  13:07  Hellbat  
  124  13:11  Viking x2  
  130  13:16  Orbital Command  
  136  13:41  Viking  
Tags
 
Add a new tag
Caveats
  • Supply blocks, unpowered buildings, or Contaminate may cause inaccurate times.
  • Supply counts are checked every 10 seconds.